 Dungeon Crawl Stone Soup version 0.23.1-38-g628c18f423 (webtiles) character file.

Game seed: 1073172377535623980

219 Freyura the Covered (level 5, 0/33 HPs)
             Began as a Gargoyle Fighter on Mar 29, 2019.
             Was a Follower of Ashenzari.
             Slain by an ogre
             ... wielding a +0 giant spiked club
              (12 damage)
             ... on level 4 of the Dungeon.
             The game lasted 00:07:48 (2769 turns).

Freyura the Covered (Gargoyle Fighter)              Turns: 2769, Time: 00:07:48

Health: 0/33       AC: 13    Str: 19    XL:     5   Next: 96%
Magic:  5/5        EV:  7    Int:  9    God:    Ashenzari [*.....]
Gold:   119        SH:  9    Dex: 10    Spells: 4/4 levels left

rFire    . . .     SeeInvis +   a - +0 flail
rCold    . . .     Gourm    .   c - +0 shield (curse)
rNeg     + . .     Faith    .   b - +0 scale mail
rPois    ∞         Spirit   .   (no helmet)
rElec    +         Reflect  .   l - +0 cloak
rCorr    .         Harm     .   h - +0 pair of gloves
MR       .....                  (no boots)
Stlth    ..........             (no amulet)
HPRegen  0.11/turn              p - ring of see invisible
MPRegen  0.09/turn              (no ring)

@: no status effects
A: negative energy resistance 1, electricity resistance, unbreathing,
petrification resistance, rot immunity, AC +4
a: Curse Item, Scrying, Renounce Religion


You were on level 4 of the Dungeon.
You worshipped Ashenzari.
Ashenzari was aware of your devotion.
You were not hungry.

You visited 1 branch of the dungeon, and saw 4 of its levels.

You collected 119 gold pieces.

Inventory:

Hand Weapons
 a - a +0 flail (weapon)
Armour
 b - a +0 scale mail (worn)
 c - a cursed +0 shield (worn)
 h - a +0 pair of gloves (worn)
 l - a +0 cloak (worn)
Jewellery
 p - a ring of see invisible (left hand)
Wands
 k - a wand of enslavement (9)
 o - a wand of acid (8)
Scrolls
 g - 5 scrolls of fog
 i - a scroll of identify
Potions
 d - a potion of might
 j - 2 potions of flight
 n - a potion of magic
 q - a potion of brilliance
Comestibles
 f - 11 rations


   Skills:
 + Level 4.2 Fighting
 * Level 4.0 Maces & Flails
 + Level 4.3 Armour
 + Level 4.3 Shields


You had 4 spell levels left.
You didn't know any spells.
Your spell library was empty.

Dungeon Overview and Level Annotations

Branches:
Dungeon (4/15)
 Temple: D:4-7

Altars:
Ashenzari
Uskayaw
Wu Jian


Innate Abilities, Weirdness & Mutations

You are resistant to torment.
Your stone body is resilient. (AC +4)
You are immune to poison.
You resist negative energy. (rN+)
You are resistant to electric shocks. (rElec)
You can survive without breathing.
You are immune to petrification.
You are immune to rotting.


Message History

No target in view!
No target in view!
You hear the slow hiss of a distant avalanche of sand.
f - 11 rations (gained 1)
An ogre comes into view. It is wielding a +0 giant spiked club.
The ogre shouts!
The ogre hits you with a +0 giant spiked club!!
Ouch! That really hurt!
You are too injured to fight recklessly!
You are too injured to fight recklessly!
You are too injured to fight recklessly!
You are too injured to fight recklessly!
You block the ogre's attack.
You hit the ogre.
The ogre is lightly wounded.
The ogre closely misses you.
You hit the ogre but do no damage.
The ogre is lightly wounded.
The ogre hits you with a +0 giant spiked club!
You die...

## .# ##....
##.#.#
.......#..#.#
####.....#.##.#
........##.##.#
#.##.#........#
#.##.#..##.######
#.#..............#
#O#.##...##.#..#.#
##@.......# .#
...# #.......#.#
.. ... #.##.####.#
.#. .# #. #.# #.#
.#. # .. #.. ...
.. . #.. #### ###
#.. #..


You could see an ogre.

Vanquished Creatures
  An orc wizard (D:3)
  Terence (D:3)
  Natasha (D:2)
  A hound zombie (D:4)
  4 adders
  2 oozes
  3 worms
  2 leopard geckos
  4 orcs (D:3)
  2 ball pythons
  7 giant cockroaches
  6 goblins
  10 hobgoblins
  3 kobolds
  A quokka (D:2)
  8 bats
  6 frilled lizards
  10 rats
72 creatures vanquished.

Notes
Turn   | Place    | Note
-------+----------+-------------------------------------------
     0 | D:1      | Freyura the Gargoyle Fighter began the quest for the Orb.
     0 | D:1      | Reached XP level 1. HP: 14/14 MP: 1/1
   285 | D:1      | Reached XP level 2. HP: 5/19 MP: 2/2
   892 | D:1      | Reached XP level 3. HP: 23/23 MP: 3/3
  1316 | D:2      | Found a shattered altar of Ashenzari.
  1326 | D:2      | Became a worshipper of Ashenzari the Shackled
  1783 | D:2      | Found a hide-covered altar of Uskayaw.
  1791 | D:2      | Reached XP level 4. HP: 29/29 MP: 4/4
  1834 | D:2      | Noticed Natasha
  1854 | D:2      | Killed Natasha
  2209 | D:3      | Reached XP level 5. HP: 27/33 MP: 5/5
  2220 | D:3      | Reached * piety under Ashenzari
  2370 | D:3      | Noticed Terence
  2381 | D:3      | Killed Terence
  2495 | D:3      | Found an ornate altar of the Wu Jian Council.
  2764 | D:4      | Noticed an ogre
  2769 | D:4      | Slain by an ogre

Skill      XL: |  1  2  3  4  5 |
---------------+----------------+-----
Maces & Flails | 3 4 |  4.0
Fighting       | 4 |  4.2
Armour         | 4 |  4.3
Shields        | 4 |  4.3

Action                   |  1- 3 |  4- 6 || total
-------------------------+-------+-------++-------
Melee: Flail             |   161 |   114 ||   275
Invok: Curse Item        |     1 |       ||     1
  Use: Scroll            |       |     6 ||     6
  Eat: Ration            |     2 |       ||     2
Armor: Scale mail        |    91 |    65 ||   156
Dodge: Dodged            |    47 |    33 ||    80
Block: Shield            |    95 |    45 ||   140
